Map: Ascension to Aiur LE

Players

Whiskydog

  • Race: Terran Terran
  • League: Silver
  • Spawn Location: 5:00

PeixeCam - Winner!

  • Race: Terran Terran
  • League: Silver
  • Spawn Location: 11:00

VOD

Have the link to the VOD?

Description

Time

  • Played on: June 8, 2017, 12:34 p.m.
  • Length: 11:43
Show
View Real Time Build Order
Export as new Build Order

Whiskydog Terran 

Build Orders: MMM Bio 

Get SALT Encoding   

  12  0:02  SCV  
  13  0:14  SCV  
  14  0:21  Supply Depot  
  14  0:27  SCV  
  15  0:43  SCV  
  15  0:48  Refinery, Barracks  
  16  0:56  SCV  
  17  1:08  SCV  
  18  1:19  Engineering Bay  
  18  1:20  SCV  
  19  1:39  Supply Depot  
  19  1:42  Barracks Reactor  
  19  1:49  Orbital Command  
  19  2:09  Terran Infantry Weapons Level 1  
  19  2:27  Refinery  
  19  2:31  Barracks  
  19  2:47  Factory  
  19  2:55  Barracks  
  19  2:56  Marine  
  19  2:57  Marine  
  21  3:05  Supply Depot  
  21  3:20  Barracks Reactor  
  21  3:24  Barracks Tech Lab  
  21  3:26  SCV  
  22  3:33  Supply Depot  
  22  3:35  Factory Reactor  
  22  3:38  SCV  
  23  3:47  Starport  
  23  3:49  Barracks Reactor  
  23  3:55  Combat Shields  
  23  3:58  SCV  
  24  4:07  Marine x2  
  24  4:09  Marine  
  27  4:17  Hellion  
  27  4:19  Hellion  
  27  4:23  Terran Infantry Armor Level 1  
  31  4:41  Starport Tech Lab  
  31  4:42  Hellion  
  31  4:43  Hellion, Marine x2  
  31  4:44  Marine  
  38  4:56  Supply Depot  
  38  5:12  Marine x4  
  38  5:13  Marine  
  43  5:15  SCV  
  44  5:27  SCV  
  45  5:37  Siege Tank  
  45  5:39  Medivac  
  45  5:41  Medivac  
  52  5:46  Marine  
  53  6:01  Supply Depot  
  53  6:06  Stimpack  
  53  6:14  Siege Tank  
  45  6:47  Marine x3  
  45  6:48  Marine x2  
  45  6:52  Medivac  
  52  7:04  Marine  
  52  7:05  Marine  
  54  7:18  Command Center  
  54  7:30  Marine x2  
  54  7:31  Marine x2  
  58  7:40  Marine  
  62  7:44  Siege Tank  
  62  7:48  Marine  
  63  8:01  Armory  
  63  8:21  Marine  
  47  9:12  Marine  
  47  9:13  Marine x2  
  50  9:27  Widow Mine  
  50  9:30  Marine x2  
  54  10:12  Supply Depot x2  
  54  10:14  Supply Depot  
  54  10:19  Barracks Reactor  
  54  10:22  Barracks Reactor  
  54  10:25  Barracks Reactor  
  54  10:33  Viking, Siege Tank, Orbital Command  
  59  10:37  Refinery  
  59  10:40  Refinery  
  54  11:05  Siege Tank  
  54  11:09  Command Center  
  56  11:21  Marine x4  
  56  11:22  Marine x2  
Show
View Real Time Build Order
Export as new Build Order

PeixeCam Terran - Winner!

Build Orders:  

Get SALT Encoding   

  12  0:01  SCV  
  13  0:13  SCV  
  14  0:18  Supply Depot  
  14  0:25  SCV  
  15  0:30  Refinery  
  15  0:39  SCV  
  16  0:46  Barracks  
  16  0:51  SCV  
  17  1:03  Refinery, SCV  
  18  1:16  SCV  
  18  1:17  Barracks  
  19  1:28  SCV  
  20  1:34  Barracks Tech Lab  
  20  1:37  Supply Depot  
  20  1:45  Orbital Command  
  20  1:55  Stimpack  
  20  1:57  Marine  
  21  2:14  Factory  
  21  2:17  SCV  
  21  2:21  Barracks Reactor  
  22  2:29  SCV  
  23  2:31  Marine  
  24  2:41  SCV  
  25  2:48  Marine  
  26  2:52  Supply Depot  
  26  2:53  SCV  
  27  2:59  Factory Tech Lab  
  27  3:05  SCV  
  28  3:06  Marine  
  28  3:09  Starport  
  29  3:16  Supply Depot  
  29  3:17  SCV  
  30  3:29  Bunker, SCV  
  31  3:35  Siege Tank  
  31  3:38  Supply Depot, Marine x3  
  37  3:46  Starport Reactor  
  37  3:54  Engineering Bay  
  37  3:56  Marine  
  37  3:57  Marauder  
  40  4:09  Supply Depot  
  40  4:11  Supply Depot  
  40  4:12  Marine  
  40  4:14  Marine  
  42  4:22  Marauder  
  44  4:26  Medivac  
  44  4:30  Marine  
  47  4:32  Medivac, Marine  
  50  4:43  Marauder  
  52  4:54  Missile Turret  
  52  4:56  Medivac  
  52  4:57  Terran Infantry Weapons Level 1  
  52  4:58  Marine  
  55  5:05  Medivac  
  57  5:17  Missile Turret  
  57  5:25  Siege Tank  
  60  5:29  Marine x3  
  63  5:47  Marine x3  
  66  6:05  Marine x3  
  65  6:22  Marine  
  65  6:23  Marine x2  
  53  6:34  Command Center  
  53  6:35  Medivac  
  53  6:38  Medivac  
  57  6:40  Marine x2  
  57  6:41  Marine  
  60  6:58  Marine x3  
  63  7:05  Medivac  
  65  7:08  Medivac  
  65  7:11  Supply Depot  
  67  7:16  Marine x2  
  67  7:17  Marauder  
  71  7:34  Supply Depot, Marine x2  
  73  7:38  Marauder  
  73  7:39  Siege Tank  
  78  7:52  Marine  
  78  7:53  Marine  
  80  7:59  Marine  
  81  8:10  Marine  
  81  8:11  Marine  
  86  8:17  Marine  
  85  8:45  Siege Tank  
  60  9:07  Marine x3  
  63  9:22  SCV  
  64  9:25  Marauder, Marine x2  
  68  9:34  SCV  
  69  9:42  Marine  
  69  9:43  Marine  
  71  9:46  SCV  
  71  9:47  Marauder  
  74  9:58  SCV  
  75  10:00  Marine x2  
  77  10:08  Marine  
  77  10:10  SCV  
  79  10:18  Marine x2  
  81  10:22  SCV  
  81  10:25  Marine  
  83  10:32  Refinery  
  83  10:35  SCV  
  84  10:36  Marine x2  
  84  10:39  Missile Turret  
  86  10:43  Missile Turret, Marine  
  86  10:48  Siege Tank  
  90  10:54  Marine  
  91  10:58  Refinery  
  91  11:02  Marauder  
Tags
 
Composition
MMM Bio
Matchup
TvT
Race
Terran
Replay Pack
SIII
Spawn Locations
Cross Positions
Add a new tag
Caveats
  • Supply blocks, unpowered buildings, or Contaminate may cause inaccurate times.
  • Supply counts are checked every 10 seconds.